 Dungeon Crawl Stone Soup version 0.28.0-53-g5a82cb258f (webtiles) character file.

Game seed: 1102538317473033413

51 eooof the Conjurer (level 3, -3/26 HPs)
             Began as a Demigod Conjurer on June 29, 2022.
             Slain by an ogre
             ... wielding a +0 giant club
              (29 damage)
             ... on level 4 of the Dungeon.
             The game lasted 00:05:14 (787 turns).

eooof the Conjurer (Demigod Conjurer)                Turns: 787, Time: 00:05:16

Health: -3/26      AC:  2    Str:  8    XL:     3   Next: 38%
Magic:  7/9        EV: 12    Int: 24    God:
Gold:   20         SH:  0    Dex: 12    Spells: 3/6 levels left

rFire   . . .      SeeInvis .   (no weapon)
rCold   . . .      Faith    .   (no shield)
rNeg    . . .      Spirit   .   a - +0 robe
rPois   .          Reflect  .   (no helmet)
rElec   .          Harm     .   (no cloak)
rCorr   .          Rampage  .   (no gloves)
Will    .....                   (no boots)
Stlth   ++........              (no amulet)
HPRegen 0.08/turn               (no ring)
MPRegen 0.11/turn               (no ring)

@: no status effects
A: high MP 1, forlorn, divine attributes
a: no special abilities


You were on level 4 of the Dungeon.
You visited 1 branch of the dungeon, and saw 4 of its levels.

You collected 20 gold pieces.

Inventory:

Armour
 a - a +0 robe (worn)
Potions
 b - a potion of mutation {unknown}
 c - a potion of lignification {unknown}


   Skills:
 - Level 1.9 Dodging
 - Level 1.9 Stealth
 + Level 2.3 Spellcasting
 * Level 4.4 Conjurations


You had 3 spell levels left.
You knew the following spells:

 Your Spells              Type           Power      Damage    Failure   Level
a - Magic Dart            Conj           96%        1d7       1%          1
b - Searing Ray           Conj           48%        2d6       2%          2

Your spell library contained the following spells:

 Spells                   Type           Power      Damage    Failure   Level
 Dazzling Flash           Conj/Hex       26%        N/A       14%         3
 Fulminant Prism          Conj/Hex       6%         3d7       43%         4
 Iskenderun's Mystic Bla  Conj/Tloc      13%        2d5       43%         4


Dungeon Overview and Level Annotations

Branches:
Dungeon (4/15)
 Temple: D:4-7


Innate Abilities, Weirdness & Mutations

You have an increased reservoir of magic. (+10% MP)
You shall have no god before yourself.
Your divine heritage dramatically boosts your attributes as you level up.


Message History

The searing ray hits the orc.
The orc is lightly wounded. (Press . to maintain the ray.)
The searing ray hits the orc.
The orc is almost dead.
The searing ray hits the orc!
You kill the orc!
Things that are here:
a +0 whip; a +0 ring mail
Found a dagger.
Found a scroll labelled ZIFAME VIOMO DIY.
You open the door.
There is an open door here.
c - an amethyst potion
There is a stone staircase leading down here.
You climb downwards.
There is a stone staircase leading up here.
There is a stone staircase leading up here.
You open the door.
An ogre comes into view. It is wielding a +0 giant club.
The ogre shouts!
Found a bubbling cyan potion and a scroll labelled SATIXZ LO FUE.
Found 8 gold pieces.
Found an escape hatch in the floor.
There is an open door here.
Found an escape hatch in the ceiling.
A hobgoblin comes into view.
You barely miss the ogre.
The hobgoblin shouts!
A kobold comes into view.
It is wielding a +0 club and quivering poisoned darts.
There is an open door here.
Casting: Searing Ray (safe; 2% risk of failure)
Confirm with . or Enter, or press ? or * to list all spells.
Aiming: Searing Ray (safe; 2% risk of failure)
Press: ? - help, Shift-Dir - straight line The searing ray hits the ogre.
The ogre is lightly wounded. (Press . to maintain the ray.)
The ogre hits you with a +0 giant club!!
Ouch! That really hurt!
You die...

##+## ##...## ####
# ##.....###.. .<
##.......##.# #.#.#
#.........#.#..!..#
+.........@O..g..>.
#.........#.#.....#
##.......##.# ..?..
##.....###.# ##.#
######...## #.# #
........## #$.
.######.# ### #.#
#####<######


You could see an ogre and a hobgoblin.

Vanquished Creatures
  2 adders
  8 orcs (D:3)
  An endoplasm (D:2)
  2 giant cockroaches
  3 goblins
  A kobold (D:1)
  A quokka (D:2)
  A ball python (D:2)
  2 bats
  2 frilled lizards (D:1)
  2 rats (D:2)
25 creatures vanquished.

Notes
Turn   | Place    | Note
-------+----------+-------------------------------------------
     0 | D:1      | eooof the Demigod Conjurer began the quest for the Orb.
     0 | D:1      | Reached XP level 1. HP: 14/14 MP: 5/5
   197 | D:2      | Reached XP level 2. HP: 14/20 MP: 1/7
   290 | D:2      | Reached skill level 4 in Conjurations
   372 | D:3      | Learned a level 2 spell: Searing Ray
   395 | D:3      | Reached XP level 3. HP: 14/26 MP: 0/9
   782 | D:4      | Noticed an ogre
   787 | D:4      | Slain by an ogre

Illustrated notes

Levels and vault maps discovered:
D:1:      moated_graveyard_arrival, layout_basic
D:2:      layout_basic, ebering_ecumenical_altar_mist
D:3:      layout_basic, nicolae_overflow_crystal_walls, serial_park_tiny_1,
          kennysheep_generic_room_12
D:4:      layout_loops_corners, uniq_blork_the_orc

Skill      XL: |  1  2 |
---------------+-------+-----
Spellcasting   | 2 |  2.3
Conjurations   | 4 |  4.4
Dodging        | |  1.9
Stealth        | |  1.9

Action                   || total
-------------------------++-------
Melee: Unarmed           ||    20
       Punch             ||     1
 Cast: Magic Dart        ||    34
       Searing Ray       ||     7
Armor: Robe              ||     2
Dodge: Dodged            ||    32
